Map: Долина кактусов РВ

Players

StriKE - Winner!

  • Race: Terran Terran

GoodGameRU

  • Race: Terran Terran

VOD

Have the link to the VOD?

Description

Time

  • Played on: April 10, 2015, 5:10 a.m.
  • Length: 13:10
Show
View Real Time Build Order
Export as new Build Order

StriKE Terran - Winner!

Build Orders: Reaper Expand, Mech 

Get SALT Encoding   

  12  0:01  SCV  
  13  0:13  SCV  
  14  0:18  Supply Depot  
  14  0:25  SCV  
  15  0:39  SCV  
  15  0:42  Barracks  
  16  0:47  Refinery  
  16  0:51  SCV  
  17  1:04  SCV  
  18  1:16  SCV  
  19  1:30  Orbital Command  
  19  1:31  Reaper  
  20  1:50  Command Center  
  20  1:57  SCV  
  20  2:00  Supply Depot  
  21  2:09  SCV  
  22  2:16  Barracks Reactor  
  22  2:21  SCV  
  23  2:26  Factory  
  23  2:33  SCV  
  24  2:45  SCV  
  25  3:02  Command Center  
  25  3:07  Marine x2  
  25  3:08  Orbital Command  
  25  3:12  Factory Tech Lab  
  27  3:14  Starport  
  27  3:16  SCV  
  27  3:19  Refinery  
  28  3:26  Bunker  
  28  3:28  SCV  
  28  3:31  Supply Depot  
  29  3:35  SCV  
  29  3:36  Marine x2  
  29  3:40  SCV  
  33  3:47  SCV  
  34  3:52  Siege Tank  
  37  4:01  Refinery  
  37  4:05  Refinery, Marine x2  
  37  4:06  Viking  
  37  4:09  SCV  
  42  4:16  Supply Depot  
  43  4:24  SCV  
  43  4:42  SCV  
  43  4:44  Siege Tank  
  43  4:45  Marine x2  
  49  4:54  SCV  
  49  4:57  SCV, Orbital Command  
  49  4:59  Viking  
  53  5:06  SCV  
  54  5:09  SCV  
  54  5:15  Armory  
  54  5:18  SCV  
  54  5:21  SCV, Siege Tank  
  58  5:42  SCV x3  
  55  5:54  SCV  
  55  5:56  SCV  
  52  6:13  Refinery  
  52  6:18  Viking x2  
  52  6:20  Siege Tank  
  52  6:23  SCV x2  
  58  6:40  SCV  
  58  6:41  SCV x2  
  60  6:47  Missile Turret x2  
  60  6:48  Missile Turret x2  
  60  6:52  SCV  
  60  6:53  SCV  
  60  7:03  SCV, Terran Vehicle and Ship Weapons Level 1  
  60  7:05  SCV x2  
  62  7:13  Factory  
  62  7:14  Factory  
  62  7:29  Infernal Pre-Igniter  
  65  7:30  Siege Tank  
  65  7:31  Viking x2  
  69  7:42  SCV, Factory  
  70  7:48  SCV  
  71  7:52  Missile Turret  
  71  7:54  Supply Depot  
  71  7:56  Supply Depot  
  71  7:57  SCV  
  72  8:04  Factory Tech Lab  
  72  8:05  Factory Reactor  
  72  8:06  SCV  
  72  8:08  Factory  
  72  8:09  SCV  
  65  8:24  Orbital Command  
  61  8:50  SCV  
  61  8:53  Siege Tank  
  61  8:54  Factory Tech Lab  
  65  8:59  Siege Tank  
  65  9:00  Hellion x2  
  72  9:07  Factory Reactor  
  72  9:10  Terran Vehicle and Ship Weapons Level 2  
  72  9:13  Refinery  
  72  9:16  Refinery  
  72  9:17  Engineering Bay  
  72  9:19  SCV x3  
  72  9:23  Siege Tank  
  82  9:24  Hellion x2  
  82  9:25  Hellion  
  82  9:31  SCV  
  85  9:40  Siege Tank  
  88  9:45  Hellbat  
  88  9:46  Siege Tank, Hellbat  
  88  9:51  Hellion  
  87  9:55  Hellion  
  87  9:56  SCV x2, Siege Tank  
  92  10:07  SCV  
  93  10:08  Missile Turret  
  93  10:09  Hellion x2, Missile Turret  
  93  10:10  Missile Turret  
  93  10:12  Sensor Tower  
  93  10:13  SCV x2, Siege Tank  
  98  10:15  Supply Depot  
  98  10:16  Supply Depot, Sensor Tower  
  98  10:17  Supply Depot x2  
  98  10:19  SCV  
  99  10:25  SCV x2  
  99  10:27  Missile Turret  
  99  10:44  Hellion, Siege Tank  
  99  10:45  SCV  
  105  10:50  Command Center  
  105  11:00  Siege Tank x2  
  105  11:01  Hellbat  
  113  11:09  Hellion x3  
  113  11:15  Hellbat  
  113  11:16  Siege Tank  
  110  11:25  Hellion x3  
  120  11:33  Hellion x2  
  120  11:36  Hellbat  
  120  11:39  Factory x2  
  122  11:40  Command Center  
  122  11:42  Supply Depot x2  
  122  11:43  Supply Depot  
  122  11:44  SCV  
  123  11:48  Siege Tank  
  123  11:49  Hellbat  
  128  11:59  Hellion, Siege Tank  
  133  12:01  Hellion x2, Siege Tank  
  140  12:10  Hellion  
  142  12:20  Siege Tank  
  142  12:21  Hellbat  
  147  12:23  Hellbat  
  147  12:29  Factory Tech Lab  
  145  12:31  Factory Reactor  
  145  12:35  SCV x2  
  147  12:48  Refinery  
  147  12:49  Missile Turret  
  147  12:50  Missile Turret x2  
  147  12:53  Refinery  
Show
View Real Time Build Order
Export as new Build Order

GoodGameRU Terran 

Build Orders: Siege Tank Drop 

Get SALT Encoding   

  12  0:01  SCV  
  13  0:13  SCV  
  14  0:20  Supply Depot  
  14  0:25  SCV  
  15  0:42  SCV  
  16  0:44  Barracks  
  16  0:47  Refinery  
  16  0:54  SCV  
  17  1:07  SCV  
  18  1:19  SCV  
  20  1:33  Orbital Command  
  20  1:34  Marine  
  20  1:37  Supply Depot  
  20  1:52  Marine  
  21  2:02  Factory  
  21  2:04  SCV  
  21  2:06  Refinery  
  22  2:13  Supply Depot  
  22  2:14  Marine  
  23  2:26  SCV  
  23  2:48  Factory Tech Lab  
  23  2:56  Starport  
  23  2:58  SCV  
  23  2:59  Marine  
  23  3:08  Siege Tank  
  23  3:10  SCV  
  27  3:14  Command Center  
  27  3:18  Marine  
  28  3:33  Medivac  
  30  3:35  SCV  
  30  3:40  Marine  
  32  3:43  Siege Tank  
  35  3:51  SCV  
  35  3:52  Supply Depot  
  36  4:00  Marine  
  36  4:10  Medivac  
  37  4:13  SCV  
  40  4:19  Marine  
  40  4:22  Barracks  
  41  4:24  Siege Tank  
  45  4:55  Medivac  
  45  4:56  SCV  
  45  4:57  Orbital Command  
  48  5:00  Barracks  
  47  5:13  SCV, Barracks Tech Lab  
  48  5:17  Siege Tank  
  48  5:18  Supply Depot  
  51  5:32  Marine x2  
  43  5:48  Marine  
  43  5:49  SCV x2, Marine  
  46  5:50  Marine  
  43  6:10  Marine x3  
  46  6:16  Siege Tank  
  46  6:18  SCV, Medivac  
  48  6:23  Orbital Command  
  49  6:28  Marine x3  
  49  6:31  SCV  
  53  6:45  SCV  
  53  6:46  Marine x3  
  57  6:53  Siege Tank, Medivac  
  60  7:02  SCV x2  
  60  7:03  Marine  
  60  7:04  Marine  
  60  7:06  Stimpack  
  61  7:11  Refinery  
  61  7:18  Refinery  
  61  7:24  Marine  
  61  7:25  Marine x2  
  61  7:26  Siege Tank  
  61  7:29  Command Center  
  67  7:32  Starport Reactor  
  67  7:33  SCV x2  
  69  7:42  Marine  
  69  7:43  Marine  
  61  7:45  SCV  
  61  7:46  SCV  
  63  7:55  Marine  
  64  8:00  SCV x2, Marine  
  64  8:01  Barracks x2, Marine  
  67  8:12  SCV  
  67  8:16  Marine  
  67  8:18  Marine  
  67  8:19  Marine  
  59  8:28  Siege Tank  
  59  8:29  Medivac x2  
  59  8:31  SCV x2  
  59  8:34  Marine  
  67  8:36  Marine  
  68  8:43  SCV  
  68  8:49  Marine x2  
  70  9:16  Command Center, Refinery  
  70  9:20  Refinery  
  70  9:25  Supply Depot  
  70  9:28  SCV x2, Marine x5  
  77  9:36  Medivac x2  
  77  9:37  Siege Tank  
  64  9:46  Marine  
  64  9:48  Marauder, Marine x3  
  65  9:55  SCV  
  64  10:08  Barracks Tech Lab  
  64  10:09  Barracks Reactor, Barracks Tech Lab  
  64  10:11  Barracks Reactor  
  64  10:12  Combat Shields  
  63  10:14  Siege Tank  
  63  10:15  Marine  
  63  10:16  SCV  
  63  10:17  SCV  
  69  10:29  SCV  
  69  10:30  Orbital Command  
  70  10:40  Marauder x2  
  74  10:48  SCV  
  70  10:59  Marauder, Marine  
  66  11:22  Siege Tank, Medivac x2  
  66  11:23  Marauder, Marine x3  
  66  11:25  SCV  
  79  11:33  Marauder  
  79  11:34  SCV x2  
  83  11:42  Marine  
  83  11:43  Marauder  
  86  11:53  SCV x2  
  88  11:56  Siege Tank  
  88  11:57  Marine  
  88  11:58  Marauder x2, Marine x2  
  88  11:59  SCV  
  99  12:06  Marauder  
  101  12:16  Supply Depot  
  101  12:17  SCV x2, Medivac, Marine  
  101  12:19  SCV  
  93  12:31  Marauder x3, Marine x2  
  101  12:39  SCV  
  101  12:40  SCV x2  
  109  13:01  Supply Depot  
  109  13:02  Supply Depot  
Tags
 
Add a new tag
Caveats
  • Supply blocks, unpowered buildings, or Contaminate may cause inaccurate times.
  • Supply counts are checked every 10 seconds.